 Dungeon Crawl Stone Soup version 0.29-a0-925-g0a7a3d12f8 (webtiles) character file.

Game seed: 15464032295452448824

79 Garessta the Grasshopper (level 4, -11/37 HPs)
             Began as a Ghoul Warper on July 29, 2022.
             Mangled by Blork the orc
             ... wielding a +0 battleaxe of flaming
              (16 damage)
             ... on level 4 of the Dungeon.
             The game lasted 00:04:43 (2898 turns).

Garessta the Grasshopper (Ghoul Warper)             Turns: 2898, Time: 00:04:43

Health: -11/37     AC:  3    Str: 16    XL:     4   Next: 37%
Magic:  6/6        EV: 11    Int: 14    God:
Gold:   155        SH:  0    Dex:  8    Spells: 2/7 levels left

rFire   . . .      SeeInvis .   n - +10 whip of the Warrior-Mage {freeze, rElec rN+ Will+}
rCold   + . .      Faith    .   (no shield)
rNeg    + + +      Spirit   .   a - +0 leather armour
rPois   ∞          Reflect  .   (no helmet)
rElec   +          Harm     .   (no cloak)
rCorr   +          Rampage  .   (no gloves)
Will    +....                   (no boots)
Stlth   +.........              (no amulet)
HPRegen 0.00/turn               e - ring of resist corrosion
MPRegen 0.10/turn               i - +6 ring of intelligence

@: inhibited regen
A: claws 1, cold resistance 1, negative energy resistance 3, inhibited
regeneration, torment resistance 2, devour on kill
a: no special abilities


You were on level 4 of the Dungeon.
You visited 1 branch of the dungeon, and saw 4 of its levels.

You collected 155 gold pieces.

Inventory:

Hand Weapons
 n - the +10 whip of the Warrior-Mage (weapon) {freeze, rElec rN+ Will+}
   (You found it on level 3 of the Dungeon)

   It freezes those it strikes, dealing additional cold damage.
   It can also slow down cold-blooded creatures.
   rElec:     It insulates you from electricity.
   rN:        It protects you from negative energy.
   Will:      It increases your willpower.
Missiles
 c - 6 boomerangs of dispersal (quivered)
 k - 4 javelins
Armour
 a - a +0 leather armour (worn)
Jewellery
 e - a ring of resist corrosion (left claw)
 i - a +6 ring of intelligence (right claw)
Scrolls
 b - a scroll of blinking
 d - a scroll of poison {unknown}
 h - 2 scrolls of teleportation {unknown}
 j - a scroll of immolation {unknown}
 l - 5 scrolls of identify {unknown}
 q - a scroll of enchant armour {unknown}
 r - a scroll of fear {unknown}
Potions
 f - a potion of brilliance {unknown}
 g - a potion of flight {unknown}
 m - a potion of might {unknown}
 o - a potion of lignification {unknown}
 p - a potion of cancellation {unknown}
 s - a potion of berserk rage {unknown}
 t - a potion of invisibility {unknown}


   Skills:
 + Level 2.7 Fighting
 - Level 0.8 Throwing
 + Level 1.1 Armour
 + Level 2.2 Dodging
 + Level 2.7 Unarmed Combat
 - Level 2.3 Spellcasting
 + Level 3.3 Translocations


You had 2 spell levels left.
You knew the following spells:

 Your Spells              Type           Power      Damage    Failure   Level
a - Lesser Beckoning      Tloc           11%        N/A       22%         3
p - Blink                 Tloc           22%        N/A       11%         2

Your spell library contained the following spells:

 Spells                   Type           Power      Damage    Failure   Level
 Sandblast                Erth           2%         2d4       28%         1
 Gell's Gravitas          Tloc           11%        N/A       22%         3
 Teleport Other           Tloc           11%        N/A       22%         3
 Manifold Assault         Tloc           11%        N/A       89%         5
 Agony                    Necr           1%         N/A       100%        5
 Shatter                  Erth           0%         3d5*      100%        9


Dungeon Overview and Level Annotations

Branches:
Dungeon (4/15)             Temple (0/1) D:4

Altars:

Shops:
D:1 [

Annotations:
D:4 Blork the orc


Innate Abilities, Weirdness & Mutations

You are immune to poison.
You have sharp fingernails.
Your flesh is cold resistant. (rC+)
You are immune to negative energy. (rN+++)
You do not regenerate when monsters are visible.
You are immune to unholy pain and torment.
You thrive by killing the living.


Message History

l - 5 scrolls labelled KAKKEA MIFYSIL (gained 3)
There is an open door here.
There is an open door here.
Found a stone staircase leading down.
There is a large open door here.
There is a large open door here.
Done exploring.
Done exploring.
There is an open door here.
There is a stone staircase leading down here.
You climb downwards.
Found a sling and a whip.
Found a staircase to the Ecumenical Temple.
There is a stone staircase leading up here.
Blork the orc comes into view.
He is wielding a +0 battleaxe of flaming.
Blork the orc jeers noisily, as Orcs often do.
Blork the orc points at you and mumbles some strange words.
The puff of flame misses you.
Blork the orc gestures at you while chanting.
The puff of frost hits you. You resist.
An adder comes into view.
The adder hisses angrily.
You closely miss Blork the orc.
Blork the orc hits you with a +0 battleaxe of flaming.
Blork the orc burns you.
You whack Blork the orc! You freeze Blork the orc. You claw Blork the orc.
Blork the orc is heavily wounded.
Blork the orc screams, "I'll crush all your ribs!
One by one!"
Blork the orc hits you with a +0 battleaxe of flaming!
* * * LOW HITPOINT WARNING * * *
Blork the orc burns you.
* * * LOW HITPOINT WARNING * * *
Throw: 7 boomerangs (disperse)
Press: ? - help, Q - select action, (/) - cycle Shift-Dir - straight line, f - Blork the orc
Aim: Blork the orc, wielding a +0 battleaxe of flaming and wearing a +0 robe (heavily wounded, 58% to hit)
You throw a boomerang of dispersal.
The boomerang of dispersal barely misses Blork the orc.
The adder barely misses you.
Blork the orc hits you with a +0 battleaxe of flaming!
You die...

..#. ... .###
........####...##
.#.#.#.)........#
.......#........#
#.>.#...#......#
....#.......##
.#.#.#S..........
......o@......#
#.#.#..#......#
.....##.<.#.#
#.#... ##.##
#...## #.# ####
#.# #.# #.# #)#


You could see Blork the orc and an adder.

Vanquished Creatures
  2 adders
  2 worms (D:2)
  A dart slug (D:1)
  An orc (D:3)
  7 ball pythons
  3 endoplasms
  3 giant cockroaches
  6 goblins
  2 hobgoblins (D:1)
  3 quokkas
  6 bats
  2 frilled lizards
  9 kobolds
  5 rats
52 creatures vanquished.

Notes
Turn   | Place    | Note
-------+----------+-------------------------------------------
     0 | D:1      | Garessta the Ghoul Warper began the quest for the Orb.
     0 | D:1      | Reached XP level 1. HP: 17/17 MP: 2/2
   371 | D:1      | Reached XP level 2. HP: 20/24 MP: 3/3
   606 | D:1      | Reached skill level 3 in Translocations
   609 | D:1      | Learned a level 2 spell: Blink
   745 | D:1      | Found Toaz's Antique Armour Shop.
   871 | D:1      | Found a faded altar of an unknown god.
   900 | D:1      | Reached XP level 3. HP: 27/29 MP: 5/5
  1011 | D:1      | Learned a level 3 spell: Lesser Beckoning
  2026 | D:3      | Reached skill level 1 in Armour
  2026 | D:3      | Reached XP level 4. HP: 20/37 MP: 6/6
  2256 | D:3      | Got the Papyrus of Dusty Black Rituals
  2258 | D:3      | Identified the +10 whip of the Warrior-Mage {freeze, rElec
                  | rN+ Will+}
  2891 | D:4      | Found a staircase to the Ecumenical Temple.
  2892 | D:4      | Noticed Blork the orc
  2898 | D:4      | Mangled by Blork the orc

Illustrated notes

Levels and vault maps discovered:
D:1:      heliophobic_arrival_battle_scene, layout_basic, serial_shops, shop,
          ebering_ecumenical_altar_abandoned
D:2:      layout_loops_ring, serial_aquarium, aquarium_bridge_straight
          [aquarium_subvault_bridge, aquarium_subvault_window,
          aquarium_subvault_bridge, aquarium_subvault_window],
          aquarium_window_1, aquarium_window_1, aquarium_window_fake,
          aquarium_window_2, aquarium_view_2c, aquarium_view_2d, aquarium_pool_1
D:3:      layout_basic, serial_curves, eino_curves_01, eino_curves_01,
          eino_curves_03, minivault_24, minmay_statues_item
D:4:      wad_river_or_something, layout_loops_ring,
          minmay_temple_entry_sparse_star, grunt_decor_one_mirror,
          uniq_blork_the_orc, uniq_edmund

Skill      XL: |  1  2  3 |
---------------+----------+-----
Spellcasting   | 2 |  2.3
Translocations | 3 |  3.3
Dodging        | 2 |  2.2
Armour         | 1 |  1.1
Fighting       | |  2.7
Throwing       | |  0.8
Unarmed Combat | |  2.7

Action                   |  1- 3 |  4- 6 || total
-------------------------+-------+-------++-------
Melee: Unarmed           |   149 |    15 ||   164
       Punch             |     4 |     1 ||     5
       Whip              |       |    17 ||    17
Throw: Boomerang         |       |     1 ||     1
Armor: Leather armour    |    46 |     4 ||    50
Dodge: Dodged            |   120 |    15 ||   135

Table legend: (Time is in decaauts)
 A = Elapsed time spent in this place.
 B = Non-inter-level travel time spent in this place.
 C = Inter-level travel time spent in this place.
 D = Time resting spent in this place.
 E = Time spent auto-exploring this place.
 F = Levels seen in this place.
 G = Mean time per level.
                   A        B        C        D        E       F      G
               +--------+--------+--------+--------+--------+-----+--------+
         Total |   2891 |   2776 |    115 |      0 |   2380 |   4 |  722.8 |
       Dungeon |   2891 |   2776 |    115 |      0 |   2380 |   4 |  722.8 |
               +--------+--------+--------+--------+--------+-----+--------+

Top non-repeatable levels by time:
     D:1: 1187 daAuts
     D:3: 899 daAuts
     D:2: 796 daAuts
     D:4: 7 daAuts
